 Dungeon Crawl Stone Soup version 0.22-a0-866-geee50340df (webtiles) character file.

132 IcyTea the Cudgeler (level 4, 0/41 HPs)
             Began as a Draconian Wanderer on July 28, 2018.
             Was a Follower of Yredelemnul.
             Slain by an ogre
             ... wielding a +0 giant spiked club
              (20 damage)
             ... on level 4 of the Dungeon.
             The game lasted 00:11:38 (2562 turns).

IcyTea the Cudgeler (Draconian Wanderer)            Turns: 2562, Time: 00:11:39

Health: 0/41       AC:  5    Str: 16    XL:     4   Next: 92%
Magic:  4/4        EV: 11    Int: 13    God:    Yredelemnul [*.....]
Gold:   159        SH:  5    Dex:  9    Spells: 3/3 levels left

rFire    + . .     SeeInvis .   a - +2 mace
rCold    . . .     Gourm    .   c - +1 buckler
rNeg     . . .     Faith    .   (armour unavailable)
rPois    .         Spirit   .   (helmet restricted)
rElec    .         Reflect  .   (no cloak)
rCorr    .         Harm     .   (no gloves)
MR       .....     Clarity  +   (no boots)
Stlth    +.........             (no amulet)
HPRegen  0.13/turn              (no ring)
MPRegen  0.09/turn              (no ring)

@: no status effects
A: unfitting armour, antennae 1, clarity, fire resistance 1, cold-blooded, AC +5
a: Animate Remains, Renounce Religion


You were on level 4 of the Dungeon.
You worshipped Yredelemnul.
Yredelemnul was aware of your devotion.
You were hungry.

You visited 1 branch of the dungeon, and saw 4 of its levels.

You collected 159 gold pieces.

Inventory:

Hand Weapons
 a - a +2 mace (weapon)
Missiles
 s - 5 tomahawks (quivered)
Armour
 c - a +1 buckler (worn)
Jewellery
 e - an uncursed ring of ice
 f - an uncursed amulet of magic regeneration {unknown}
Wands
 m - a wand of random effects (32)
Scrolls
 g - 4 scrolls of identify
 j - 2 scrolls of remove curse
 k - a scroll of enchant armour
 l - 2 scrolls of magic mapping
 n - a scroll of fear {unknown}
 p - 2 scrolls of amnesia
 q - a scroll of teleportation
Potions
 b - 2 potions of lignification
 h - a potion of magic
 i - a potion of flight {unknown}
 o - a potion of brilliance
Comestibles
 d - 8 rations


   Skills:
 - Level 4.3 Fighting
 + Level 4.8 Maces & Flails
 - Level 1.0 Stealth
 - Level 4.0 Shields


You had 3 spell levels left.
You didn't know any spells.
Your spell library was empty.

Dungeon Overview and Level Annotations

Branches:
Dungeon (4/15)
 Temple: D:4-7

Altars:
Qazlal
Wu Jian
Xom
Yredelemnul
The Shining One


Innate Abilities, Weirdness & Mutations

Your plain brown scales are hard. (AC +5)
You cannot fit into any form of body armour.
You are cold-blooded and may be slowed by cold attacks.
You have a pair of small antennae on your head.
You possess an exceptional clarity of mind.
Your flesh is heat resistant. (rF+)


Message History

You swap places.
You block the ogre's attack.
Your orc zombie hits the ogre with a club.
You hit the ogre.
You tail-slap the ogre, but do no damage.
The ogre is moderately wounded.
The ogre closely misses you.
You thump the ogre!
The ogre is heavily wounded.
Your orc zombie barely misses the ogre.
You barely miss the ogre.
Your tail-slap misses the ogre.
The ogre is heavily wounded.
The ogre hits you with a giant spiked club!!
Ouch! That really hurt!
Your orc zombie hits the ogre with a club.
You barely miss the ogre. You tail-slap the ogre.
The ogre is severely wounded.
The ogre hits you with a giant spiked club!!
You die...
Your body rises from the dead as a mindless zombie.

####....._........>#...
#....#.......#.....#...
#....##.....###...##.<.
#.....##...## #...####+
######'##.## #....+
##..#.# #....# #.....#
#.(.## #....## ...# #.
##@Z## #...##.O##
#........# #........#
#........# #........#
#........# #...###.##
#..$ #+#


You could see an ogre and a friendly orc zombie.

Vanquished Creatures
  A worker ant (D:2)
  4 adders
  2 worms
  2 dart slugs
  2 leopard geckos
  2 orcs
  A ball python (D:1)
  11 bats
  2 giant cockroaches
  4 goblins
  9 hobgoblins
  A jackal (D:2)
  6 kobolds
  A quokka (D:2)
  5 frilled lizards
  3 rats
56 creatures vanquished.

Vanquished Creatures (collateral kills)
  An adder (D:2)
  A giant cockroach (D:2)
  A bat (D:2)
  A butterfly (D:2)
4 creatures vanquished.

Grand Total: 60 creatures vanquished

Notes
Turn   | Place    | Note
-------+----------+-------------------------------------------
     0 | D:1      | IcyTea the Draconian Wanderer began the quest for the Orb.
     0 | D:1      | IcyTea set off with: a +2 mace, a potion of lignification, a +0 buckler, a ration
     0 | D:1      | Reached XP level 1. HP: 22/22 MP: 1/1
   190 | D:1      | Reached XP level 2. HP: 19/28 MP: 2/2
   824 | D:2      | Found a shimmering altar of Xom.
   838 | D:2      | Reached XP level 3. HP: 31/34 MP: 3/3
   883 | D:2      | Found a faded altar of an unknown god.
   891 | D:2      | Became a worshipper of Yredelemnul the Dark
   891 | D:2      | Reached * piety under Yredelemnul
  1159 | D:2      | Reached XP level 4. HP: 31/41 MP: 4/4
  1307 | D:2      | Found a stormy altar of Qazlal.
  2004 | D:3      | Gained mutation: Your flesh is heat resistant. (rF+) [potion of mutation]
  2004 | D:3      | Gained mutation: You possess an exceptional clarity of mind. [potion of mutation]
  2004 | D:3      | Gained mutation: You have a pair of small antennae on your head. [potion of mutation]
  2165 | D:3      | Reached ** piety under Yredelemnul
  2196 | D:3      | Found a glowing golden altar of the Shining One.
  2514 | D:4      | Found an ornate altar of the Wu Jian Council.
  2551 | D:4      | Noticed an ogre
  2562 | D:4      | Slain by an ogre

Vault maps used:
D:1:      minmay_arrival_up_and_down
D:2:      minmay_wonky_spiral, nicolae_qazlal_eye_of_the_storm, xom_butterflies,
          chequers_ecumenical_altar_twisty, hangedman_feature_mirror
D:3:      tso_oasis_becter, minivault_26
D:4:      lemuel_round_altar, cheibriados_altar_1, ebering_ghost_disaster_area,
          serial_shops, shop, first_ration, serial_bayou_lagoon_a, uniq_edmund,
          uniq_blork_the_orc

Skill      XL: |  1  2  3  4 |
---------------+-------------+-----
Shields        | 2 3 4 |  4.0
Fighting       | |  4.3
Maces & Flails | |  4.8
Stealth        | |  1.0

Action                   |  1- 3 |  4- 6 || total
-------------------------+-------+-------++-------
Melee: Mace              |    98 |    74 ||   172
       Tailslap          |     3 |     6 ||     9
Invok: Animate Remains   |     4 |     1 ||     5
       Recall Undead Sla |       |     1 ||     1
  Use: Scroll            |     2 |     7 ||     9
       Potion            |       |     4 ||     4
 Stab: Sleeping          |     1 |     1 ||     2
       Distracted        |       |     1 ||     1
  Eat: Chunk             |     2 |     4 ||     6
Armor: Skin              |    43 |    11 ||    54
Dodge: Dodged            |    65 |    44 ||   109
Block: Buckler           |    18 |    16 ||    34

Table legend:
 A = Spawn XP
 B = Non-spawn XP
 C = Spawn XP percentage of total XP
 D = Spawn monster count
 E = Non-spawn monster count
 F = Spawn count percentage of total count
 G = Total turns spent on level
                    A         B        C        D         E        F      G
               +---------+---------+-------+---------+---------+-------+---------
         Total |       0 |     189 |   0.0 |       0 |      59 |   0.0 |  2562
               +---------+---------+-------+---------+---------+-------+---------
           D:1 |       0 |      35 |   0.0 |       0 |      19 |   0.0 |   785
           D:2 |       0 |     109 |   0.0 |       0 |      25 |   0.0 |   951
           D:3 |       0 |      42 |   0.0 |       0 |      14 |   0.0 |   758
           D:4 |       0 |       3 |   0.0 |       0 |       1 |   0.0 |    68
               +---------+---------+-------+---------+---------+-------+---------
